 Dungeon Crawl Stone Soup version 0.31.0-9-g3a7656b989 (webtiles) character file.

Game seed: 7200438508681599894

47 bakla the Shooter (level 3, -2/20 HPs)
             Began as a Tengu Hexslinger on Jan 29, 2024.
             Slain by a gnoll
             ... wielding a +0 club
              (5 damage)
             ... on level 5 of the Dungeon.
             The game lasted 00:01:39 (1033 turns).

bakla the Shooter (Tengu Hexslinger)                Turns: 1033, Time: 00:01:40

Health: -2/20      AC:  2    Str:  8    XL:     3   Next: 70%
Magic:  5/5        EV: 13    Int: 13    God:
Gold:   130        SH:  0    Dex: 18    Spells: 4/4 levels left

rFire   . . .        a - +1 sling
rCold   . . .        (no shield)
rNeg    . . .        c - +0 robe
rPois   .            (helmet restricted)
rElec   .            (no cloak)
rCorr   .            (no gloves)
SInv    .            (boots unavailable)
Will    .....        (no amulet)
Stlth   ++           (no ring)
HPRegen 0.23/turn    (no ring)
MPRegen 0.09/turn

%: acrobat
@: no status effects
A: beak, talons 3, acrobatic
a: no special abilities


You were on level 5 of the Dungeon.
You visited 1 branch of the dungeon, and saw 5 of its levels.

You collected 130 gold pieces.

Inventory:

Hand Weapons
 a - a +1 sling (weapon)
Armour
 c - a +0 robe (worn)
Scrolls
 b - a scroll of poison
 d - a scroll of enchant weapon {unknown}
 g - a scroll of teleportation {unknown}
 h - a scroll of identify {unknown}
 j - 2 scrolls of amnesia {unknown}
Potions
 e - a potion of invisibility {unknown}
 f - a potion of ambrosia {unknown}
 i - a potion of resistance {unknown}
 k - a potion of curing {unknown}


   Skills:
 + Level 1.2 Fighting
 + Level 3.3 Ranged Weapons
 + Level 2.6 Dodging
 + Level 1.0 Spellcasting
 + Level 2.5 Hexes
 + Level 1.1 Fire Magic


You had 4 spell levels left.
You didn't know any spells.
Your spell library contained the following spells:

 Spells                   Type           Power      Damage    Failure   Level
 Jinxbite                 Hex            14%        N/A       16%         2
 Sigil of Binding         Hex            7%         N/A       30%         3
 Inner Flame              Hex/Fire       5%         N/A       36%         3
 Cause Fear               Hex            3%         N/A       69%         4
 Dimensional Bullseye     Hex/Tloc       1%         N/A       86%         4


Dungeon Overview and Level Annotations

Branches:
Dungeon (5/15)
 Temple: D:4-7

Altars:


Innate Abilities, Weirdness & Mutations

You have a beak for a mouth.
You have claws for feet.
You can magically evade attacks while moving or waiting.


Message History

A gnoll comes into view. It is wielding a +0 club.
A gnoll is nearby!
A gnoll is nearby!
A gnoll is nearby!
A gnoll is nearby!
A gnoll is nearby!
A gnoll comes into view. It is wielding a +0 halberd.
The gnoll shouts! x2; You hear a shout!
A gnoll comes into view. It is wielding a +0 flail.
The gnoll completely misses you.
You shoot a sling bullet.
The sling bullet closely misses the gnoll.
The sling bullet hits the gnoll but does no damage.
The gnoll completely misses you. The gnoll closely misses you.
You shoot a sling bullet. The sling bullet hits the gnoll.
The gnoll is lightly wounded.
The gnoll closely misses you. The gnoll hits you with a +0 club.
You shoot a sling bullet. The sling bullet hits the gnoll.
The gnoll is heavily wounded.
The gnoll hits you from afar with a +0 halberd!
Ouch! That really hurt!
The gnoll closely misses you.
You shoot a sling bullet. The sling bullet hits the gnoll.
The gnoll is almost dead.
The gnoll hits you with a +0 club.
* * * LOW HITPOINT WARNING * * *
The gnoll barely misses you.
You shoot a sling bullet.
The sling bullet closely misses the gnoll.
The sling bullet hits the gnoll.
The gnoll is heavily wounded.
The gnoll completely misses you. The gnoll misses you.
The gnoll barely misses you. The gnoll hits you with a +0 club.
* * * LOW HITPOINT WARNING * * *
You shoot a sling bullet.
The sling bullet barely misses the gnoll.
The sling bullet hits the gnoll.
The gnoll is severely wounded.
The gnoll completely misses you. The gnoll hits you with a +0 club.
You die...

##### #########
....#######.......#
....##...##.......#
....##...##...<...#
....##...##.......##
....''....'.........+
....##...##...#######..#
.##########.....@ggg....
.# #.###########. .#
#..)........# .#
##...#######.# .#
##..### # .########..##
.#........## .##########
.#


You could see 3 gnolls.

Vanquished Creatures
  2 dart slugs (D:3)
  An orc (D:3)
  2 ball pythons
  8 endoplasms
  A giant cockroach (D:1)
  5 goblins
  5 hobgoblins
  3 jackals (D:3)
  A quokka (D:1)
  A bat (D:2)
  4 frilled lizards
  3 rats
36 creatures vanquished.

Notes
Turn   | Place    | Note
-------+----------+-------------------------------------------
     0 | D:1      | bakla the Tengu Hexslinger began the quest for the Orb.
     0 | D:1      | Reached XP level 1. HP: 12/12 MP: 3/3
   103 | D:1      | Reached XP level 2. HP: 16/16 MP: 4/4
   644 | D:3      | Reached XP level 3. HP: 16/20 MP: 5/5
   748 | D:3      | Reached skill level 3 in Ranged Weapons
   919 | D:5      | Entered Level 5 of the Dungeon
  1033 | D:5      | Slain by a gnoll

Illustrated notes

Levels and vault maps discovered:
D:1:      lemuel_arrival_room, layout_basic
D:2:      layout_basic, shapermc_ecumenical_altar_petra
D:3:      layout_loops_ring, lemuel_doored_altar, gammafunk_ghost_nasty_kobolds,
          minmay_vboxes
D:4:      layout_cave_pools
D:5:      lemuel_ice_spiral_2, layout_basic, serial_co_window_serial,
          co_window_paths_b, co_window_corner_a, co_window_paths_a,
          co_window_paths_b, co_window_corner_a, co_window_broadway_b,
          co_window_2corner, co_window_corner_b, co_window_2corner,
          co_window_of_opportunity_b, co_window_paths_d, glass_columns_a,
          glass_columns_b, glass_columns_c, glass_columns_b, uniq_ijyb,
          uniq_sigmund

Skill      XL: |  1  2  3 |
---------------+----------+-----
Ranged Weapons | 3 |  3.3
Fighting       | |  1.2
Dodging        | |  2.6
Spellcasting   | |  1.0
Hexes          | |  2.5
Fire Magic     | |  1.1

Action                     || total
---------------------------++-------
   Fire: Sling             ||    90
 Armour: Robe              ||    19
  Dodge: Dodged            ||    25
